 Dungeon Crawl Stone Soup version 0.30-a0-972-gf3ab3527aa (webtiles) character file.

Game seed: 13717363106868666487

61 IdlyInterested the Slasher (level 3, -9/29 HPs)
             Began as a Demonspawn Gladiator on Mar 31, 2023.
             Killed by divine providence
             ... invoked by an orc priest
              (13 damage)
             ... on level 4 of the Dungeon.
             The game lasted 00:04:06 (2133 turns).

IdlyInterested the Slasher (Demonspawn Gladiator)   Turns: 2133, Time: 00:04:07

Health: -9/29      AC: 10    Str: 14    XL:     3   Next: 83%
Magic:  3/3        EV: 11    Int:  9    God:
Gold:   114        SH:  4    Dex: 16    Spells: 2/2 levels left

rFire   . . .      SeeInvis .    a - +0 long sword
rCold   . . .      Faith    .    (no shield)
rNeg    . . .      Spirit   .    j - +0 ring mail
rPois   .          Reflect  .    c - +0 helmet
rElec   .          Rampage  .    (no cloak)
rCorr   .                        (no gloves)
Will    .....                    (no boots)
Stlth   +                        (no amulet)
HPRegen 0.24/turn                (no ring)
MPRegen 0.08/turn                (no ring)

@: hasted, very quick
A: icemail 1, condensation shield
a: no special abilities


You were on level 4 of the Dungeon.
You visited 1 branch of the dungeon, and saw 4 of its levels.

You collected 114 gold pieces.

Inventory:

Hand Weapons
 a - a +0 long sword (weapon)
 l - a +0 short sword
 p - a +2 dagger of venom
Missiles
 d - 3 throwing nets
 e - a javelin
 f - 35 stones (quivered)
 h - 5 poisoned darts
 s - 4 boomerangs
Armour
 b - a +0 leather armour
 c - a +0 helmet (worn)
 j - a +0 ring mail (worn)
Magical Staves
 o - a staff of poison
 w - a staff of cold
Scrolls
 g - 2 scrolls of noise {unknown}
 k - 2 scrolls of identify {unknown}
 n - a scroll of amnesia {unknown}
 t - a scroll of enchant weapon {unknown}
 v - a scroll of vulnerability {unknown}
Potions
 i - a potion of haste
 m - a potion of lignification {unknown}
 q - 2 potions of might {unknown}
 r - a potion of heal wounds {unknown}
 u - a potion of brilliance {unknown}


   Skills:
 - Level 3.0 Fighting
 + Level 3.3 Long Blades
 - Level 1.7 Throwing
 - Level 1.0 Armour
 - Level 3.0 Dodging
 * Level 0.0 Evocations


You had 2 spell levels left.
You didn't know any spells.
Your spell library contained the following spells:

 Spells                   Type           Power      Damage    Failure   Level
 Frozen Ramparts          Ice            0%         1d1       94%         3
 Ice Form                 Ice/Tmut       0%         N/A       100%        4
 Summon Ice Beast         Ice/Summ       0%         N/A       100%        4


Dungeon Overview and Level Annotations

Branches:
Dungeon (4/15)
 Temple: D:4-7

Altars:
Cheibriados


Innate Abilities, Weirdness & Mutations

A meltable icy envelope protects you from harm. (AC +4)
A meltable shield of frost defends you. (SH +4)


Message History

The orc shouts!
The orc priest shouts!
The orc shouts!
The orc wizard shouts!
The orc shouts! x2
There is a stone staircase leading up here.
You slash the orc wizard!
The orc wizard is severely wounded.
The orc wizard hits you but does no damage.
The orc hits you but does no damage.
The orc priest hits you but does no damage.
You barely miss the orc wizard.
The orc wizard is severely wounded.
You block the orc wizard's attack. The orc hits you with a +0 flail!
The orc priest hits you from afar with a +0 trident.
You closely miss the orc wizard.
The orc wizard is severely wounded.
The orc wizard hits you but does no damage.
The orc misses you.
The orc priest calls upon Beogh to heal the orc wizard.
The orc wizard is healed somewhat.
You closely miss the orc wizard.
The orc wizard is moderately wounded.
The orc wizard hits you with a +0 dagger.
The orc hits you with a +0 flail! The orc priest closely misses you.
You closely miss the orc wizard.
The orc wizard is moderately wounded.
The orc wizard hits you but does no damage.
You block the orc's attack.
The orc priest hits you from afar with a +0 trident.
* * * LOW HITPOINT WARNING * * *
The orc wizard closely misses you.
The orc priest hits you but does no damage.
You closely miss the orc wizard.
The orc wizard is moderately wounded.
The orc wizard closely misses you.
The orc priest hits you but does no damage.
The orc barely misses you.
It was a potion of haste.
You feel yourself speed up.
The orc wizard hits you but does no damage.
The orc priest invokes the aid of Beogh against you.
Beogh smites you!
You die... #############.. ....ooo@ooo.... #############.#

You could see an orc priest, an orc wizard and 4 orcs.

Vanquished Creatures
  An adder (D:2)
  A worm (D:2)
  2 dart slugs (D:2)
  6 endoplasms
  A giant cockroach (D:3)
  A goblin (D:3)
  3 hobgoblins
  8 jackals
  2 quokkas
  A ball python (D:1)
  6 bats
  4 frilled lizards
  3 kobolds
  4 rats
43 creatures vanquished.

Notes
Turn   | Place    | Note
-------+----------+-------------------------------------------
     0 | D:1      | IdlyInterested the Demonspawn Gladiator began the quest for
                  | the Orb.
     0 | D:1      | Reached XP level 1. HP: 16/16 MP: 1/1
   371 | D:1      | Gained mutation: A meltable shield of frost defends you.
                  | (SH +4) [demonic ancestry]
   371 | D:1      | Reached XP level 2. HP: 19/22 MP: 2/2
  1028 | D:2      | Gained mutation: A meltable icy envelope protects you from
                  | harm. (AC +4) [demonic ancestry]
  1028 | D:2      | Reached XP level 3. HP: 28/28 MP: 3/3
  1855 | D:3      | Reached skill level 1 in Armour
  2074 | D:3      | Found a snail-covered altar of Cheibriados.
  2133 | D:4      | Killed from afar by an orc priest

Illustrated notes

Levels and vault maps discovered:
D:1:      minmay_arrival_wavy_path, layout_loops_cross, dk_noncrumbling_3,
          minmay_misc_feat_four_crosses
D:2:      layout_loops_cross, patterned_corridor
D:3:      layout_rooms, mainiacjoe_overflow_surrounded_room
D:4:      layout_rooms, minmay_temple_entry_large_hall, uniq_natasha

Skill      XL: |  1  2  3 |
---------------+----------+-----
Dodging        | 3 |  3.0
Long Blades    | 3 |  3.3
Fighting       | 3 |  3.0
Armour         | 1 |  1.0
Throwing       | |  1.7

Action                     || total
---------------------------++-------
  Melee: Long sword        ||   125
         Punch             ||     1
    Use: Potion            ||     1
 Armour: Leather armour    ||     5
         Ring mail         ||    56
  Dodge: Dodged            ||    88
  Block: Other             ||    19

Table legend: (Time is in decaauts)
 A = Elapsed time spent in this place.
 B = Non-inter-level travel time spent in this place.
 C = Inter-level travel time spent in this place.
 D = Time resting spent in this place.
 E = Time spent auto-exploring this place.
 F = Levels seen in this place.
 G = Mean time per level.
                   A        B        C        D        E       F      G
               +--------+--------+--------+--------+--------+-----+--------+
         Total |   2164 |   1838 |    326 |     71 |   1309 |   4 |  541.0 |
       Dungeon |   2164 |   1838 |    326 |     71 |   1309 |   4 |  541.0 |
               +--------+--------+--------+--------+--------+-----+--------+

Top non-repeatable levels by time:
     D:1: 982 daAuts
     D:2: 823 daAuts
     D:3: 349 daAuts
     D:4: 8 daAuts
